 Dungeon Crawl Stone Soup version 0.22-a0-558-gc224181 (webtiles) character file.

88239 pk666 the Eclecticist (level 15, -3/72 HPs)
             Began as a Deep Elf Fire Elementalist on June 28, 2018.
             Was a High Priest of Vehumet.
             Slain by a tentacle (18 damage)
             ... attached to a kraken
             ... on level 1 of the Shoals.
             The game lasted 01:46:42 (31095 turns).

pk666 the Eclecticist (Deep Elf Fire Elementalist) Turns: 31095, Time: 01:46:42

Health: -3/72      AC:  5    Str:  5    XL:     15   Next: 46%
Magic:  45/48      EV: 23    Int: 33    God:    Vehumet [*****.]
Gold:   1886       SH:  0    Dex: 17    Spells: 37/50 levels left

rFire    + + .     SeeInvis .   F - staff of fire
rCold    + . .     Gourm    +   (no shield)
rNeg     . . .     Faith    .   R - +2 robe {MR+}
rPois    .         Spirit   .   (no helmet)
rElec    .         Reflect  .   I - scarf {rC+ rF+}
rCorr    .         Harm     .   D - +0 pair of gloves
MR       +++..                  (no boots)
Stlth    +.........             k - amulet of the gourmand
HPRegen  0.22/turn              G - ring of Beogh's Esteem {+Blink MR+ Int+6 Dex+2}
MPRegen  0.31/turn              P - ring of magical power

@: very slow
A: no striking features
a: Renounce Religion, Evoke Blink


You were on level 1 of the Shoals.
You worshipped Vehumet.
Vehumet was extremely pleased with you.
You were very full.

You visited 5 branches of the dungeon, and saw 25 of its levels.

You collected 2191 gold pieces.
You spent 305 gold pieces at shops.

Inventory:

Armour
 D - a +0 pair of gloves (worn)
 I - a scarf of resistance (worn)
 Q - the +1 hat of Odghin {MR- Int+3 Slay+4}
   (You bought it in a shop on level 2 of the Orcish Mines)

   It affects your intelligence (+3).
   It affects your accuracy and damage with ranged weapons and melee attacks
   (+4).
   It affects your resistance to hostile enchantments.
 R - a +2 robe of magic resistance (worn)
Magical Staves
 y - an uncursed staff of death
 C - an uncursed staff of poison
 F - an uncursed staff of fire (weapon)
Jewellery
 k - an amulet of the gourmand (around neck)
 q - an uncursed ring of ice
 G - the ring of Beogh's Esteem (left hand) {+Blink MR+ Int+6 Dex+2}
   (You found it on level 10 of the Dungeon)

   [ring of dexterity]

   It affects your intelligence (+6).
   It affects your dexterity (+2).
   It affects your resistance to hostile enchantments.
   It lets you blink.
 H - an uncursed amulet of the acrobat
 P - a ring of magical power (right hand)
Wands
 a - a wand of flame (33)
 u - a wand of enslavement (37)
 v - a wand of iceblast (11)
 A - a wand of random effects (19)
 E - a wand of polymorph (13)
Scrolls
 b - 5 scrolls of magic mapping
 d - 14 scrolls of identify
 f - a scroll of fear
 h - 17 scrolls of remove curse
 i - 2 scrolls of amnesia
 j - 10 scrolls of teleportation
 l - 2 scrolls of blinking
 n - 2 scrolls of fog
 o - 3 scrolls of enchant weapon
 r - 4 scrolls of enchant armour
 w - a scroll of holy word {unknown}
 M - a scroll of silence
Potions
 e - 4 potions of might
 g - 3 potions of haste
 m - 3 potions of lignification
 p - 10 potions of curing
 s - 4 potions of agility
 t - 2 potions of invisibility {unknown}
 x - 6 potions of heal wounds
 z - 3 potions of resistance
 B - 3 potions of flight
 J - a potion of berserk rage
 K - 2 potions of magic {unknown}
 N - a potion of mutation {unknown}
 O - 2 potions of cancellation {unknown}
Comestibles
 c - 39 rations


   Skills:
 + Level 14.0 Dodging
 - Level 2.4 Stealth
 + Level 18.0 Spellcasting
 + Level 15.6 Conjurations
 + Level 15.6 Fire Magic


You had 37 spell levels left.
You knew the following spells:

 Your Spells              Type           Power        Failure   Level  Hunger
a - Flame Tongue          Conj/Fire      #####        0%          1    None
c - Conjure Flame         Conj/Fire      ########     0%          3    None
s - Iskenderun's Mystic   Conj           #######.     0%          4    None
z - Fireball              Conj/Fire      ########..   1%          5    None

Your spell library contained the following spells:

 Spells                   Type           Power        Failure   Level  Hunger
 Throw Flame              Conj/Fire      ######       0%          2    None
 Animate Dead             Necr           N/A          12%         4    None
 Pain                     Necr           ####         1%          1    None
 Animate Skeleton         Necr           N/A          1%          1    None
 Vampiric Draining        Necr           ####......   3%          3    None
 Sticky Flame             Conj/Fire      ########     0%          4    None
 Regeneration             Chrm/Necr      ####......   3%          3    None
 Spider Form              Tmut/Pois      ####......   3%          3    None
 Blade Hands              Tmut           ####......   34%         5    None
 Ice Form                 Ice/Tmut       ####....     12%         4    None
 Sticks to Snakes         Tmut           ####....     1%          2    None
 Inner Flame              Hex/Fire       #######.     1%          3    None
 Beastly Appendage        Tmut           ####..       1%          1    None


Dungeon Overview and Level Annotations

Branches:
Dungeon (15/15)            Temple (1/1) D:4            Lair (6/6) D:11
 Shoals (1/4) Lair:4       Spider (0/4) Lair:3        Slime (0/5) Lair:6
    Orc (2/2) D:11            Elf (0/3) Orc:2        Vaults (0/5) D:13
 Depths (0/5) D:15

Altars:
Ashenzari
Cheibriados
Dithmenos
Elyvilon
Fedhas
Gozag
Hepliaklqana
Kikubaaqudgha
Makhleb
Nemelex Xobeh
Okawaru
Qazlal
Ru
Sif Muna
Trog
Uskayaw
Vehumet
Wu Jian
Xom
Yredelemnul
Zin
The Shining One
Beogh

Shops:
D:4 ?   D:10 =   D:14 ?   Orc:2 ([!}(

Annotations:
D:4 3 runed doors, Hebeh's ghost, amateur MiFi; Mgcat's ghost, amateur HOMo; iamserjio's ghost, weakling GrFi; mhoghedin's ghost, amateur SpAs
Lair:2 3 runed doors, Buarolus's ghost, journeyman DEFE; Peyfill's ghost, journeyman GrFi; Ylunweux's ghost, journeyman GrFi; Yrym's ghost, journeyman DEFE
Lair:3 1 runed door, Peny's ghost, journeyman MiFi
Lair:5 1 runed door, tstbtto's ghost, journeyman CeBe


Message History

The plant is engulfed in a cloud of scalding steam. x3
The plant is engulfed in a cloud of scalding steam. x3
You destroy the plant!
The plant is engulfed in a cloud of scalding steam.
A kraken comes into view.
Casting: Fireball (safe; 1% risk of failure)
Confirm with . or Enter, or press ? or * to list all spells.
You can't see any susceptible monsters within range! (Use Z to cast anyway.)
The plant is engulfed in a cloud of scalding steam.
You destroy the plant!
The plant is engulfed in a cloud of scalding steam. x3
The plant is engulfed in a cloud of scalding steam.
Tentacles burst out of the water! 4 tentacles come into view.
The tentacle slaps you! x2
The tentacle slaps you. The tentacle barely misses you.
The tentacle slaps you!!
* * * LOW HITPOINT WARNING * * *
The tentacle slaps you!!
You die...

#...#####....###.≈≈≈≈≈≈≈≈≈≈≈≈≈P
###...# ###..[...≈≈≈≈≈≈≈.≈≈≈≈.≈
......#### ##.......≈≈≈≈≈≈≈≈≈P≈≈
.........####...###...≈≈≈≈≈.≈≈≈≈≈
≈≈≈.............# ##.≈≈≈≈≈..≈≈≈≈≈
≈≈≈≈........P...###.≈≈≈P≈P≈≈≈≈≈≈≈
≈≈≈≈....≈≈).......P.≈P≈P≈≈≈≈..≈≈≈
≈..≈....##.....PP≈≈≈≈≈≈P≈.P..≈≈≈≈
≈≈.....##....PP≈@w≈≈≈≈≈P≈.#.≈≈≈≈≈
≈≈≈≈≈....}≈...PP≈w≈≈P≈≈PP##.≈≈≈.≈
≈≈≈≈≈≈...≈≈.P.PPP≈P≈≈≈≈≈≈P..≈≈≈≈≈
≈≈≈≈≈....≈≈≈PPPPP≈≈≈≈≈≈≈≈..≈≈≈≈≈≈
≈≈≈...≈.≈≈≈P≈≈≈≈P≈≈≈≈≈≈.≈≈≈≈≈≈≈≈
....≈≈≈≈≈≈≈≈P≈≈P≈≈≈≈≈≈≈≈≈≈≈≈≈≈
≈≈≈≈≈≈≈≈≈≈≈≈≈≈≈≈≈≈≈≈≈≈≈≈≈≈≈≈≈≈
≈≈≈≈≈≈X≈≈≈≈≈≈≈≈≈≈≈≈≈≈≈≈≈
≈≈≈≈≈≈≈≈≈≈≈≈≈≈≈≈≈≈≈≈≈≈≈≈


You could see a kraken and 2 tentacles.

Vanquished Creatures
  Rupert (Orc:2)
  Azrael (D:12)
  A merfolk javelineer (Shoals:1)
  Snorg (D:13)
  4 merfolk impalers (Shoals:1)
  Josephine (D:13)
  Erolcha (Orc:2)
  An ice dragon (Lair:6)
  2 merfolk avatars (Shoals:1)
  5 hydras
  2 two-headed ogres
  An alligator (Lair:6)
  A centaur warrior (D:13)
  2 ogre magi (Orc:2)
  6 death yaks (Lair:6)
  An orc high priest (Orc:2)
  A fire crab (Lair:6)
  Nergalle (Orc:2)
  2 unseen horrors
  A lindwurm (Lair:6)
  2 deep elf magi
  3 orc knights
  A cyclops (D:14)
  3 fauns (Shoals:1)
  2 manticores
  8 orc sorcerers
  An ugly thing (D:13)
  10 elephants
  4 black mambas
  3 merfolk sirens
  2 water nymphs (Shoals:1)
  A gargoyle (D:13)
  5 torpor snails (Lair:6)
  14 spiny frogs
  A spiny frog (shapeshifter) (D:13)
  4 rime drakes
  4 komodo dragons
  9 trolls
  4 tyrant leeches (Lair:6)
  9 polar bears (Lair:6)
  6 hornets (Lair:6)
  3 merfolk (Shoals:1)
  4 hippogriffs
  5 dream sheep (Lair:5)
  Prince Ribbit (D:7)
  10 blink frogs
  Grinder (D:3)
  3 snapping turtles (Shoals:1)
  A spriggan (Lair:6)
  4 wraiths (D:13)
  31 yaks
  2 redbacks (Lair:3)
  A water elemental (Shoals:1)
  3 wyverns
  4 steam dragons
  5 fire elementals
  2 basilisks
  15 humans (D:13)
  8 wargs
  An acid dragon (D:15)
  Edmund (D:6)
  20 hell hounds
  Duvessa (D:5)
  8 water moccasins
  7 porcupines
  20 orc warriors
  4 sky beasts
  4 ice beasts
  12 black bears
  12 ogres
  A phantom (D:5)
  34 wolves
  7 centaurs
  11 crocodiles
  2 big kobolds
  19 bullfrogs
  A wyvern zombie (D:9)
  Dowan (D:5)
  A wyvern skeleton (D:13)
  A water moccasin skeleton (D:11)
  16 killer bees
  3 electric eels
  3 howler monkeys
  2 crimson imps
  A quasit (D:9)
  2 centaur zombies
  9 hounds
  8 jellies
  Crazy Yiuf (D:5)
  3 bullfrog skeletons
  7 orc priests
  6 centaur skeletons
  35 orc wizards
  4 iguanas
  Ijyb (D:4)
  7 worker ants
  A hound zombie (D:5)
  A hound skeleton (D:10)
  A mummy (D:5)
  A worker ant zombie (D:8)
  9 adders
  7 oozes
  4 worms
  5 dart slugs
  8 leopard geckos
  112 orcs
  5 bats
  6 giant cockroaches
  4 hobgoblins
  10 jackals
  6 quokkas
  A ball python (D:2)
  6 frilled lizards
  10 goblins
  2 jackal skeletons
  8 kobolds
  6 rats
  2 bushes
  3 fungi
  12 plants
741 creatures vanquished.

Vanquished Creatures (others)
  A wizard (D:13)
  A bush (Lair:6)
  13 fungi
  32 plants
  2 tentacles (Shoals:1)
  6 withered plants
55 creatures vanquished.

Grand Total: 796 creatures vanquished

Notes
Turn   | Place    | Note
-------+----------+-------------------------------------------
     0 | D:1      | pk666 the Deep Elf Fire Elementalist began the quest for the Orb.
     0 | D:1      | Reached XP level 1. HP: 10/10 MP: 6/6
   140 | D:1      | Reached XP level 2. HP: 15/15 MP: 4/8
   525 | D:1      | Found a shimmering altar of Xom.
   555 | D:1      | Found a shimmering altar of Xom.
   555 | D:1      | Found a glowing silver altar of Zin.
   563 | D:1      | Found a blossoming altar of Fedhas.
   563 | D:1      | Found a deep blue altar of Sif Muna.
   563 | D:1      | Found a snail-covered altar of Cheibriados.
   631 | D:1      | Reached XP level 3. HP: 19/19 MP: 5/10
   636 | D:1      | Learned a level 3 spell: Conjure Flame
  1339 | D:2      | Reached XP level 4. HP: 24/24 MP: 8/11
  1391 | D:2      | Reached skill level 4 in Spellcasting
  2123 | D:3      | Found an ornate altar of the Wu Jian Council.
  2126 | D:3      | Noticed Grinder
  2134 | D:3      | Paralysed by Grinder for 7 turns
  2152 | D:3      | Killed Grinder
  2152 | D:3      | Reached skill level 5 in Spellcasting
  2152 | D:3      | Reached XP level 5. HP: 24/28 MP: 2/14
  2152 | D:3      | Reached XP level 6. HP: 27/32 MP: 2/15
  2762 | D:3      | Found a shimmering altar of Xom.
  2762 | D:3      | Noticed an angel
  2763 | D:3      | Found a glowing silver altar of Zin.
  2936 | D:4      | Reached skill level 5 in Conjurations
  2936 | D:4      | Reached skill level 5 in Fire Magic
  3077 | D:4      | Reached XP level 7. HP: 36/36 MP: 5/17
  3176 | D:4      | Learned a level 5 spell: Fireball
  3230 | D:4      | Found Leskaunn's Magic Scroll Shoppe.
  3231 | D:4      | Noticed Ijyb
  3240 | D:4      | Killed Ijyb
  3240 | D:4      | Reached skill level 6 in Spellcasting
  3353 | D:4      | Bought a scroll of remove curse for 30 gold pieces
  3353 | D:4      | Bought a scroll of teleportation for 30 gold pieces
  3353 | D:4      | Bought a scroll of noise for 10 gold pieces
  3353 | D:4      | Bought a scroll of identify for 20 gold pieces
  3353 | D:4      | Bought a scroll of magic mapping for 35 gold pieces
  3531 | D:4      | Found a runed gate.
  3531 | D:4      | Found a runed gate.
  3531 | D:4      | Found a runed gate.
  3531 | D:4      | Noticed mhoghedin's ghost (amateur SpAs)
  3531 | D:4      | Noticed Mgcat's ghost (amateur HOMo)
  3532 | D:4      | Noticed Hebeh's ghost (amateur MiFi)
  3532 | D:4      | Noticed iamserjio's ghost (weakling GrFi)
  3585 | D:4      | Found a staircase to the Ecumenical Temple.
  3591 | Temple   | Entered the Ecumenical Temple
  3710 | Temple   | Became a worshipper of Vehumet
  3974 | D:5      | Entered Level 5 of the Dungeon
  4123 | D:5      | Noticed Duvessa
  4123 | D:5      | Noticed Dowan
  4134 | D:5      | Killed Duvessa
  4137 | D:5      | Killed Dowan
  4273 | D:5      | Found a shadowy altar of Dithmenos.
  4602 | D:5      | Reached skill level 7 in Spellcasting
  4678 | D:5      | Reached XP level 8. HP: 41/41 MP: 16/20
  5111 | D:5      | Found a runed door.
  5115 | D:5      | Noticed Crazy Yiuf
  5120 | D:5      | Killed Crazy Yiuf
  5452 | D:6      | Reached * piety under Vehumet
  5452 | D:6      | Offered knowledge of Shock by Vehumet.
  5548 | D:6      | Reached skill level 8 in Spellcasting
  5856 | D:6      | Noticed Edmund
  5890 | D:6      | Killed Edmund
  6269 | D:6      | Reached skill level 9 in Spellcasting
  6728 | D:7      | Reached XP level 9. HP: 45/45 MP: 17/24
  6847 | D:7      | Noticed Prince Ribbit
  6850 | D:7      | Killed Prince Ribbit
  7185 | D:7      | Reached ** piety under Vehumet
  7190 | D:7      | Offered knowledge of Freeze by Vehumet.
  7609 | D:7      | Reached skill level 10 in Spellcasting
  8209 | D:8      | Found an iron altar of Okawaru.
  8310 | D:8      | Found a bloodstained altar of Trog.
  8469 | D:8      | Found a sacrificial altar of Ru.
  8470 | D:8      | Found a blossoming altar of Fedhas.
  9051 | D:9      | Found a sparkling altar of Nemelex Xobeh.
  9051 | D:9      | Found a white marble altar of Elyvilon.
  9085 | D:9      | Found a stormy altar of Qazlal.
  9936 | D:10     | Entered Level 10 of the Dungeon
  9940 | D:10     | Killed an unseen horror
  9940 | D:10     | Reached skill level 11 in Spellcasting
  9940 | D:10     | Reached XP level 10. HP: 42/50 MP: 12/27
 10103 | D:10     | Got a brightly glowing lead ring
 10163 | D:10     | Identified the ring of Beogh's Esteem {+Blink MR+ Int+6 Dex+2} (You found it on level 10 of the Dungeon)
 10180 | D:10     | Offered knowledge of Ignite Poison by Vehumet.
 10224 | D:10     | Reached skill level 10 in Conjurations
 10256 | D:10     | Reached skill level 10 in Fire Magic
 10433 | D:10     | Reached *** piety under Vehumet
 10657 | D:10     | Found Woep's Jewellery Emporium.
 11093 | D:11     | Offered knowledge of Iskenderun's Mystic Blast by Vehumet.
 11198 | D:11     | Found a staircase to the Orcish Mines.
 11298 | D:11     | Found a staircase to the Lair.
 11305 | D:11     | Learned a level 4 spell: Iskenderun's Mystic Blast
 12156 | D:11     | Reached skill level 12 in Spellcasting
 12797 | D:12     | Killed an unseen horror
 12797 | D:12     | Reached skill level 5 in Dodging
 12797 | D:12     | Reached XP level 11. HP: 34/54 MP: 19/29
 12801 | D:12     | Noticed Azrael
 12953 | Lair:1   | Entered Level 1 of the Lair of Beasts
 12967 | Lair:1   | Reached **** piety under Vehumet
 14450 | Lair:2   | Noticed a five-headed hydra
 14453 | Lair:2   | Killed a five-headed hydra
 14453 | Lair:2   | Reached skill level 13 in Spellcasting
 14645 | Lair:2   | Offered knowledge of Irradiate by Vehumet.
 15194 | Lair:2   | Found a runed gate.
 15194 | Lair:2   | Found a runed gate.
 15194 | Lair:2   | Found a runed gate.
 15195 | Lair:2   | Noticed Ylunweux's ghost (journeyman GrFi)
 15196 | Lair:2   | Noticed Buarolus's ghost (journeyman DEFE)
 15196 | Lair:2   | Noticed Yrym's ghost (journeyman DEFE)
 15196 | Lair:2   | Noticed Peyfill's ghost (journeyman GrFi)
 15558 | Lair:3   | Found a hole to the Spider Nest.
 16031 | Lair:3   | Reached XP level 12. HP: 59/59 MP: 11/31
 16408 | Lair:3   | Noticed a four-headed hydra
 16414 | Lair:3   | Killed a four-headed hydra
 16849 | Lair:3   | Found a runed door.
 16849 | Lair:3   | Noticed Peny's ghost (journeyman MiFi)
 17063 | Lair:4   | Reached skill level 14 in Spellcasting
 17750 | Lair:4   | Found a staircase to the Shoals.
 17957 | Lair:4   | Found a snail-covered altar of Cheibriados.
 18923 | Lair:5   | Found a runed door.
 18923 | Lair:5   | Noticed tstbtto's ghost (journeyman CeBe)
 19537 | Lair:5   | Found a shimmering altar of Xom.
 19754 | Lair:5   | Reached skill level 10 in Dodging
 19765 | Lair:6   | Entered Level 6 of the Lair of Beasts
 20016 | Lair:6   | Reached XP level 13. HP: 63/63 MP: 26/33
 20017 | Lair:6   | Reached ***** piety under Vehumet
 20017 | Lair:6   | Reached skill level 15 in Spellcasting
 20018 | Lair:6   | Offered knowledge of Iskenderun's Battlesphere by Vehumet.
 21019 | Lair:6   | Found a staircase to the Slime Pits.
 21826 | Lair:6   | Found a runed door.
 22055 | Lair:6   | Reached skill level 16 in Spellcasting
 22828 | Lair:6   | Offered knowledge of Fulminant Prism by Vehumet.
 22926 | Lair:6   | Reached XP level 14. HP: 68/68 MP: 32/36
 24176 | Orc:1    | Entered Level 1 of the Orcish Mines
 24471 | Orc:2    | Entered Level 2 of the Orcish Mines
 25061 | Orc:2    | Found Bemy's Antique Weapon Shop.
 25111 | Orc:2    | Noticed Rupert
 25121 | Orc:2    | Killed Rupert
 25651 | Orc:2    | Offered knowledge of Conjure Ball Lightning by Vehumet.
 25896 | Orc:2    | Found Ysomoed's Antique Armour Emporium.
 25971 | Orc:2    | Noticed Erolcha
 25976 | Orc:2    | Killed Erolcha
 26071 | Orc:2    | Found a radiant altar of Vehumet.
 26081 | Orc:2    | Reached skill level 17 in Spellcasting
 26083 | Orc:2    | Found Apeptodgh's Distillery.
 26182 | Orc:2    | Noticed Nergalle
 26184 | Orc:2    | Killed Nergalle
 26185 | Orc:2    | Found a roughly hewn altar of Beogh.
 26185 | Orc:2    | Found Gapixyno's Antique Weapon Shoppe.
 26185 | Orc:2    | Found Neozoc's Gadget Emporium.
 26196 | Orc:2    | Found an ancient bone altar of Kikubaaqudgha.
 26363 | Orc:2    | Found a staircase to the Elven Halls.
 26615 | Orc:2    | Bought an ancient hat for 180 gold pieces
 26615 | Orc:2    | Identified the +1 hat of Odghin {MR- Int+3 Slay+4} (You bought it in a shop on level 2 of the Orcish Mines)
 26930 | D:12     | Killed Azrael
 27977 | D:13     | Reached skill level 15 in Conjurations
 27993 | D:13     | Reached skill level 15 in Fire Magic
 28274 | D:13     | Offered knowledge of Ozocubu's Refrigeration by Vehumet.
 28279 | D:13     | Reached XP level 15. HP: 49/72 MP: 25/38
 28413 | D:13     | Found a gate to the Vaults.
 28794 | D:13     | Noticed Josephine
 28794 | D:13     | Noticed Snorg
 28801 | D:13     | Killed Snorg
 28805 | D:13     | Killed Josephine
 29084 | D:13     | Found a bloodstained altar of Trog.
 29386 | D:14     | Found Tuiwi's Magic Scroll Shoppe.
 30079 | D:15     | Entered Level 15 of the Dungeon
 30197 | D:15     | Noticed a fire giant
 30199 | D:15     | Found a staircase to the Depths.
 30378 | Shoals:1 | Entered Level 1 of the Shoals
 30989 | Shoals:1 | Reached skill level 18 in Spellcasting
 31092 | Shoals:1 | Noticed a kraken
 31095 | Shoals:1 | Slain by a tentacle

Vault maps used:
D:1:      mrwooster_arrival_arrow, grunt_decor_mini_mirrors, doesnt_xom_only_xom
D:2:      fountainhead
D:3:      grunt_temple_overflow_order_and_chaos_1,
          nicolae_overflow_crystal_walls, cheibrodos_sewer_entry_bend,
          uniq_grinder
D:4:      minmay_temple_entry_statues, gammafunk_ghost_cemetery, serial_shops,
          shop_statue, uniq_ijyb
D:5:      grunt_dithmenos_shadows, gup_ossuary_entry_pyramid, first_ration,
          uniq_duvessa, uniq_crazy_yiuf_cottage
D:6:      uniq_edmund
D:7:      kennysheep_steamy, kennysheep_path_1, hangedman_decor_riveting,
          uniq_prince_ribbit1
D:8:      grunt_temple_overflow_bloody_war, gammafunk_temple_overflow_pools
D:9:      chequers_temple_overflow_statue_of_worship, lemuel_crystal_altar,
          hangedman_little_slice_of_home, bh_walls_and_bars
D:10:     serial_shops, kennysheep_mini
D:11:     minmay_lair_entry_lava, hiddenorc1_lemuel
D:12:     uniq_azrael
D:13:     david_vaults_3, trog_wizard, uniq_josephine, uniq_snorg
D:14:     hangedman_decor_clover_reticule, serial_shops, shop_statue,
          lightli_corner_chamber
D:15:     grunt_enter_depths_giant_problem
Temple:   minmay_temple_curvy_loop
Lair:1:   wad_woods_road_03, serial_bayou_lake_a
Lair:2:   gammafunk_ghost_cemetery, grunt_megastairs_4
Lair:3:   spider_nest_entry_webs, gammafunk_ghost_grave
Lair:4:   minmay_shoals_entry_lonely_mermaid, basic_altar, grunt_megastairs_5
Lair:5:   basic_altar, ebering_ghost_reflecting_pool,
          hangedman_lair_unloving_vines
Lair:6:   wormcave, hangedman_lair_caniforms_friends, slime_dummy,
          nicolae_quartered_pool_little, grunt_forest_large_clearing_hut,
          serial_bayou_shore_b
Orc:1:    serial_shops
Orc:2:    kennysheep_orc_mage_school, serial_shops, nicolae_shop_crystal,
          uniq_rupert

Skill      XL: |  1  2  3  4  5  6  7  8  9 10 11 12 13 14 15 |
---------------+----------------------------------------------+-----
Conjurations   | 2 3 4 5 6 8 9 10 11 13 14 15 | 15.6
Spellcasting   | 5 7 9 11 12 13 14 16 17 18 | 18.0
Fire Magic     | 4 5 6 7 9 10 11 13 14 15 | 15.6
Dodging        | 5 7 10 11 13 14 | 14.0
Stealth        | |  2.4

Action                   |  1- 3 |  4- 6 |  7- 9 | 10-12 | 13-15 || total
-------------------------+-------+-------+-------+-------+-------++-------
Melee: Unarmed           |       |     1 |     8 |     2 |       ||    11
       Staff             |       |       |       |     3 |     5 ||     8
 Cast: Flame Tongue      |    70 |    95 |   268 |   228 |    40 ||   701
       Conjure Flame     |       |     3 |    29 |    27 |     5 ||    64
       Fireball          |       |       |    23 |   175 |   347 ||   545
       Iskenderun's Myst |       |       |       |     7 |    82 ||    89
  Use: Scroll            |       |       |       |    15 |    13 ||    28
  Eat: Chunk             |     1 |     5 |    36 |    32 |    34 ||   108
Armor: Robe              |     2 |     1 |     2 |     5 |     3 ||    13
Dodge: Dodged            |     8 |    14 |    38 |    38 |    89 ||   187

Table legend:
 A = Spawn XP
 B = Non-spawn XP
 C = Spawn XP percentage of total XP
 D = Spawn monster count
 E = Non-spawn monster count
 F = Spawn count percentage of total count
 G = Total turns spent on level
                    A         B        C        D         E        F      G
               +---------+---------+-------+---------+---------+-------+---------
         Total |       0 |  126056 |   0.0 |       0 |     724 |   0.0 | 31095
               +---------+---------+-------+---------+---------+-------+---------
           D:1 |       0 |      49 |   0.0 |       0 |      20 |   0.0 |   844
           D:2 |       0 |      76 |   0.0 |       0 |      25 |   0.0 |  1064
           D:3 |       0 |     344 |   0.0 |       0 |      25 |   0.0 |  1191
           D:4 |       0 |     377 |   0.0 |       0 |      19 |   0.0 |   661
           D:5 |       0 |     704 |   0.0 |       0 |      22 |   0.0 |  1340
           D:6 |       0 |    1142 |   0.0 |       0 |      26 |   0.0 |  1059
           D:7 |       0 |    1430 |   0.0 |       0 |      19 |   0.0 |  1532
           D:8 |       0 |     591 |   0.0 |       0 |       5 |   0.0 |  1009
           D:9 |       0 |     645 |   0.0 |       0 |      31 |   0.0 |  1140
          D:10 |       0 |    1861 |   0.0 |       0 |      26 |   0.0 |   816
          D:11 |       0 |    1898 |   0.0 |       0 |      38 |   0.0 |  1855
          D:12 |       0 |    7343 |   0.0 |       0 |      36 |   0.0 |  1275
          D:13 |       0 |   13895 |   0.0 |       0 |      46 |   0.0 |  1479
          D:14 |       0 |    2677 |   0.0 |       0 |      13 |   0.0 |   858
          D:15 |       0 |    1188 |   0.0 |       0 |       8 |   0.0 |   138
        Lair:1 |       0 |    1972 |   0.0 |       0 |      12 |   0.0 |  1215
        Lair:2 |       0 |    6459 |   0.0 |       0 |      25 |   0.0 |  1447
        Lair:3 |       0 |    5071 |   0.0 |       0 |      22 |   0.0 |  1733
        Lair:4 |       0 |    6565 |   0.0 |       0 |      26 |   0.0 |  1368
        Lair:5 |       0 |    6506 |   0.0 |       0 |      30 |   0.0 |  2168
        Lair:6 |       0 |   34169 |   0.0 |       0 |     118 |   0.0 |  3446
      Shoals:1 |       0 |   13365 |   0.0 |       0 |      23 |   0.0 |   604
         Orc:1 |       0 |    3010 |   0.0 |       0 |      34 |   0.0 |   882
         Orc:2 |       0 |   14719 |   0.0 |       0 |      75 |   0.0 |  1757
               +---------+---------+-------+---------+---------+-------+---------
